TOP OF THE 1ST |
Chicago Hawks batting - Pitching for Oakland Oaks : LHP Matthew Watts
|
Pitching: LHP Matthew Watts
|
|
Batting: LHB Motoshige Kitamura
|
0-0: Foul Ball, location: 2F 0-1: Foul Ball, location: 2F 0-2: Ball 1-2: Strikes out looking
|
Batting: RHB Ed Whitaker
|
0-0: Ball 1-0: Ball 2-0: Called Strike 2-1: SINGLE (Groundball, 34D)
|
Batting: RHB Bryan Manning
|
0-0: Fly out, F6 (Line Drive, 6M)
|
Batting: LHB Mal Wadley
|
0-0: Ball 1-0: Ball 2-0: Called Strike 2-1: Ground out U3 (Groundball, 3)
|
Top of the 1st over - 0 run(s), 1 hit(s), 0 error(s), 1 left on base; Chicago 0 - Oakland 0 |
BOTTOM OF THE 1ST |
Oakland Oaks batting - Pitching for Chicago Hawks : LHP Víctor Padilla
|
Pitching: LHP Víctor Padilla
|
|
Batting: SHB Ramiro Salazar
|
0-0: Called Strike 0-1: Fly out, F7 (Line Drive, 7S)
|
Batting: SHB John Allen
|
0-0: Ball 1-0: Swinging Strike 1-1: Foul Ball, location: 2F 1-2: Ball 2-2: Fly out, F9 (Flyball, 9M)
|
Batting: RHB Chandler Bailey
|
0-0: Ball 1-0: Called Strike 1-1: Ball 2-1: Swinging Strike 2-2: Ground out 6-3 (Groundball, 6)
|
Bottom of the 1st over - 0 run(s), 0 hit(s), 0 error(s), 0 left on base; Chicago 0 - Oakland 0 |
TOP OF THE 2ND |
Chicago Hawks batting - Pitching for Oakland Oaks : LHP Matthew Watts
|
Batting: RHB Jack Tucker
|
0-0: Foul Ball, location: 2F 0-1: Ball 1-1: Ball 2-1: Ball 3-1: Foul Ball, location: 2F 3-2: Strikes out swinging
|
Batting: RHB Joe Guy
|
0-0: Called Strike 0-1: Ball 1-1: SINGLE (Groundball, 6D)
|
Batting: RHB Ted Young
|
0-0: Called Strike Throwing error on steal attempt, E2 Joe Guy to third 0-1: Ball 1-1: Fly out, F9 (Line Drive, 9LM) Runner from 3rd tags up, SCORES, no throw
|
Batting: RHB Reece White
|
0-0: Ball 1-0: Swinging Strike 1-1: Called Strike 1-2: Foul Ball, location: 2F 1-2: Strikes out swinging
|
Top of the 2nd over - 1 run(s), 1 hit(s), 1 error(s), 0 left on base; Chicago 1 - Oakland 0 |
BOTTOM OF THE 2ND |
Oakland Oaks batting - Pitching for Chicago Hawks : LHP Víctor Padilla
|
Batting: RHB Aurelio Vázquez
|
0-0: Called Strike 0-1: Ball 1-1: Swinging Strike 1-2: Strikes out swinging
|
Batting: SHB Arturo Hernández
|
0-0: Ball 1-0: Called Strike 1-1: Ball 2-1: Foul Ball, location: 2F 2-2: Strikes out swinging
|
Batting: RHB Francisco González
|
0-0: Called Strike 0-1: Ball 1-1: Ground out 4-3 (Groundball, 4)
|
Bottom of the 2nd over - 0 run(s), 0 hit(s), 0 error(s), 0 left on base; Chicago 1 - Oakland 0 |
TOP OF THE 3RD |
Chicago Hawks batting - Pitching for Oakland Oaks : LHP Matthew Watts
|
Batting: RHB Víctor Padilla
|
0-0: Ground out 4-3 (Groundball, 4M)
|
Batting: LHB Motoshige Kitamura
|
0-0: Fly out, F7 (Flyball, 78D)
|
Batting: RHB Ed Whitaker
|
0-0: Called Strike 0-1: Ball 1-1: Ball 2-1: Ball 3-1: Called Strike 3-2: SINGLE (Line Drive, 4MD)
|
Batting: RHB Bryan Manning
|
0-0: Foul Ball, location: 2F 0-1: DOUBLE (Flyball, 78XD) Ed Whitaker to third
|
Batting: LHB Mal Wadley
|
0-0: Ball 1-0: Fly out, F7 (Flyball, 78M)
|
Top of the 3rd over - 0 run(s), 2 hit(s), 0 error(s), 2 left on base; Chicago 1 - Oakland 0 |
BOTTOM OF THE 3RD |
Oakland Oaks batting - Pitching for Chicago Hawks : LHP Víctor Padilla
|
Batting: RHB Wilber Moon
|
0-0: Called Strike 0-1: Ball 1-1: Ground out 1-3 (Groundball, 13S)
|
Batting: SHB Eugene Parrish
|
0-0: Ball 1-0: Called Strike 1-1: Ground out 2-3 (Groundball, 25)
|
Batting: LHB Matthew Watts
|
0-0: SINGLE (Groundball, 3D)
|
Batting: SHB Ramiro Salazar
|
0-0: Ball 1-0: Foul Ball, location: 2F 1-1: Foul Ball, location: 2F 1-2: Strikes out swinging
|
Bottom of the 3rd over - 0 run(s), 1 hit(s), 0 error(s), 1 left on base; Chicago 1 - Oakland 0 |
TOP OF THE 4TH |
Chicago Hawks batting - Pitching for Oakland Oaks : LHP Matthew Watts
|
Batting: RHB Jack Tucker
|
0-0: Ball 1-0: Ball 2-0: Ground out 1-3 (Groundball, 13S)
|
Batting: RHB Joe Guy
|
0-0: Ball 1-0: Fly out, F2 (Popup, 13S)
|
Batting: RHB Ted Young
|
0-0: Called Strike 0-1: Ball 1-1: Called Strike 1-2: Foul Ball, location: 2F 1-2: Ball 2-2: Strikes out swinging
|
Top of the 4th over - 0 run(s), 0 hit(s), 0 error(s), 0 left on base; Chicago 1 - Oakland 0 |
BOTTOM OF THE 4TH |
Oakland Oaks batting - Pitching for Chicago Hawks : LHP Víctor Padilla
|
Batting: SHB John Allen
|
0-0: Ball 1-0: Ball 2-0: Foul Ball, location: 2F 2-1: Ball 3-1: Called Strike 3-2: Base on Balls
|
Batting: RHB Chandler Bailey
|
0-0: Called Strike 0-1: Ground out 5-3 (Groundball, 5S) John Allen to second
|
Batting: RHB Aurelio Vázquez
|
0-0: Fly out, F7 (Flyball, 7M)
|
Batting: SHB Arturo Hernández
|
0-0: Called Strike 0-1: Ball 1-1: Swinging Strike 1-2: Ball 2-2: Ball 3-2: Base on Balls
|
Batting: RHB Francisco González
|
0-0: Swinging Strike 0-1: Ball 1-1: Swinging Strike 1-2: DOUBLE (Flyball, 7LD) John Allen scores Arturo Hernández to third Runner from 3rd tries for Home, throw and OUT!
|
Bottom of the 4th over - 1 run(s), 1 hit(s), 0 error(s), 1 left on base; Chicago 1 - Oakland 1 |
TOP OF THE 5TH |
Chicago Hawks batting - Pitching for Oakland Oaks : LHP Matthew Watts
|
Pitching: RHP Dick Rasmussen
|
|
Batting: RHB Reece White
|
0-0: Ball 1-0: Called Strike 1-1: Ground out 5-3 (Groundball, 5L)
|
Pinch Hitting: LHB Bobby Moore
|
0-0: Ball 1-0: Ball 2-0: Called Strike 2-1: Swinging Strike 2-2: Strikes out swinging
|
Batting: LHB Motoshige Kitamura
|
0-0: Called Strike 0-1: Ball 1-1: Fly out, F6 (Popup, 6MD)
|
Top of the 5th over - 0 run(s), 0 hit(s), 0 error(s), 0 left on base; Chicago 1 - Oakland 1 |
BOTTOM OF THE 5TH |
Oakland Oaks batting - Pitching for Chicago Hawks : LHP Víctor Padilla
|
Pitching: RHP Jesús González
|
|
Batting: RHB Wilber Moon
|
0-0: Foul Ball, location: 2F 0-1: Swinging Strike 0-2: Ball 1-2: Foul Ball, location: 2F 1-2: Strikes out swinging
|
Batting: SHB Eugene Parrish
|
0-0: Called Strike 0-1: Ball 1-1: Ball 2-1: Fly out, F8 (Flyball, 8RS)
|
Batting: LHB Dick Rasmussen
|
0-0: Ball 1-0: Called Strike 1-1: Ball 2-1: Ball 3-1: Base on Balls
|
Batting: SHB Ramiro Salazar
|
0-0: Ball 1-0: Called Strike 1-1: Ball 2-1: Foul Ball, location: 2F 2-2: TRIPLE (Line Drive, 8LM) Dick Rasmussen scores
|
Batting: SHB John Allen
|
0-0: Fly out, F7 (Flyball, 78M)
|
Bottom of the 5th over - 1 run(s), 1 hit(s), 0 error(s), 1 left on base; Chicago 1 - Oakland 2 |
TOP OF THE 6TH |
Chicago Hawks batting - Pitching for Oakland Oaks : RHP Dick Rasmussen
|
Batting: RHB Ed Whitaker
|
0-0: Ball 1-0: Ball 2-0: Ground out 6-3 (Groundball, 6)
|
Batting: RHB Bryan Manning
|
0-0: Called Strike 0-1: DOUBLE (Flyball, 8LXD)
|
Batting: LHB Mal Wadley
|
0-0: Swinging Strike 0-1: Foul Ball, location: 2F 0-2: Ball 1-2: SINGLE (Line Drive, 4MD) Bryan Manning to third
|
Batting: RHB Jack Tucker
|
0-0: Called Strike 0-1: Foul Ball, location: 2F 0-2: Foul Ball, location: 2F 0-2: Ball 1-2: Fly out, F8 (Flyball, 8RM) Throwing error, E8 Bryan Manning scores Mal Wadley to second
|
Batting: RHB Joe Guy
|
0-0: Swinging Strike 0-1: Swinging Strike 0-2: Strikes out swinging
|
Top of the 6th over - 1 run(s), 2 hit(s), 1 error(s), 1 left on base; Chicago 2 - Oakland 2 |
BOTTOM OF THE 6TH |
Oakland Oaks batting - Pitching for Chicago Hawks : RHP Jesús González
|
Batting: RHB Chandler Bailey
|
0-0: Foul Ball, location: 2F 0-1: Hit by Pitch
|
Batting: RHB Aurelio Vázquez
|
0-0: Called Strike 0-1: Fly out, F2 (Popup, 2RF)
|
Batting: SHB Arturo Hernández
|
0-0: Ball 1-0: Foul Ball, location: 2F 1-1: Swinging Strike 1-2: SINGLE (Groundball, 4M) Chandler Bailey to second
|
Batting: RHB Francisco González
|
0-0: Ball 1-0: Ball 2-0: Ground out 5-3 (Groundball, 56S) Chandler Bailey to third Arturo Hernández to second
|
Batting: RHB Wilber Moon
|
0-0: Fly out, F7 (Flyball, 7M)
|
Bottom of the 6th over - 0 run(s), 1 hit(s), 0 error(s), 2 left on base; Chicago 2 - Oakland 2 |
TOP OF THE 7TH |
Chicago Hawks batting - Pitching for Oakland Oaks : RHP Dick Rasmussen
|
Pitching: RHP John Connor
|
|
Now at 2B: Jayson Parsons
|
|
Pinch Hitting: LHB Jorge Montoya
|
0-0: Called Strike 0-1: Ball 1-1: SINGLE (Groundball, 56D)
|
Pinch Hitting: SHB Esteban Márquez
|
0-0: Ball Jorge Montoya is caught stealing 2nd base 1-0: Ball 2-0: Ball 3-0: Base on Balls
|
Pinch Hitting: LHB Jeff Conklin
|
0-0: Ball 1-0: Fly out, F9 (Flyball, 89M)
|
Pinch Hitting: LHB Paul Wilson
|
0-0: Ball 1-0: Foul Ball, location: 2F 1-1: Ball 2-1: SINGLE (Groundball, 6MD) Esteban Márquez to second
|
Pinch Hitting: RHB Raúl Hernández
|
0-0: Ball 1-0: 3-RUN HOME RUN (Flyball, 7D), Distance : 378 ft
|
Pitching: RHP Robert Anderson
|
|
Pinch Hitting: RHB Mitch Jensen
|
0-0: DOUBLE (Groundball, 5L)
|
Pinch Hitting: RHB José Bravo
|
0-0: Foul Ball, location: 2F 0-1: Swinging Strike 0-2: Ball 1-2: SINGLE (Groundball, 56D) Mitch Jensen to third Runner from 3rd tries for Home, SAFE, no throw or cutoff
|
Batting: RHB Jack Tucker
|
0-0: Foul Ball, location: 2F 0-1: Ball 1-1: DOUBLE (Line Drive, 3D) José Bravo to third Runner from 3rd tries for Home, SAFE, no throw or cutoff
|
Pitching: RHP Jim Roberts
|
|
Pinch Hitting: LHB José Alvia
|
0-0: Called Strike 0-1: SINGLE (Groundball, 4MD) Jack Tucker to third Runner from 3rd tries for Home, SAFE, no throw or cutoff
|
Batting: LHB Jorge Montoya
|
0-0: Ball 1-0: Ground out U3 (Groundball, 3L)
|
Top of the 7th over - 6 run(s), 7 hit(s), 0 error(s), 1 left on base; Chicago 8 - Oakland 2 |
TOP OF THE 8TH |
Chicago Hawks batting - Pitching for Oakland Oaks : RHP Jim Roberts
|
Now in CF: Félix Pérez
|
|
Batting: RHB Javier Garza
|
0-0: SINGLE (Flyball, 4D)
|
Pinch Hitting: RHB Brian King
|
0-0: Foul Ball, location: 2F 0-1: Ball Wild Pitch! Javier Garza to second 1-1: Ball 2-1: Foul Ball, location: 2F 2-2: Ball 3-2: Foul Ball, location: 2F 3-2: Foul Ball, location: 2F 3-2: Base on Balls
|
Batting: LHB Paul Wilson
|
0-0: Ball 1-0: Foul Ball, location: 2F 1-1: Foul Ball, location: 2F 1-2: Foul Ball, location: 2F 1-2: Foul Ball, location: 2F 1-2: Ball 2-2: Ball 3-2: SINGLE (Line Drive, 8LS) Javier Garza to third Brian King to second Runner from 3rd tries for Home, SAFE, no throw or cutoff
|
Batting: RHB Raúl Hernández
|
0-0: Ball 1-0: Ball 2-0: Ball 3-0: Called Strike 3-1: Base on Balls Brian King to third Paul Wilson to second
|
Batting: RHB Mitch Jensen
|
0-0: Called Strike 0-1: Ball 1-1: Swinging Strike 1-2: Foul Ball, location: 2F 1-2: Strikes out looking
|
Batting: RHB José Bravo
|
0-0: Ball Wild Pitch! Brian King scores Paul Wilson to third Raúl Hernández to second 1-0: SINGLE (Line Drive, 6) Paul Wilson scores Raúl Hernández to third
|
Pitching: RHP Dexter Young
|
|
Batting: RHB Jack Tucker
|
0-0: Called Strike 0-1: Ball 1-1: Ball José Bravo steals 2nd base 2-1: Swinging Strike 2-2: Ball 3-2: Ground out 3-4 (Groundball, 3S)
|
Batting: RHB Álex Escobar
|
0-0: Called Strike 0-1: Ball 1-1: Foul Ball, location: 2F 1-2: Strikes out swinging
|
Top of the 8th over - 3 run(s), 3 hit(s), 0 error(s), 2 left on base; Chicago 11 - Oakland 2 |
BOTTOM OF THE 8TH |
Oakland Oaks batting - Pitching for Chicago Hawks : RHP Paco Galván
|
Pitching: RHP Martin Benthall
|
|
Pinch Hitting: LHB Maxwell Ings
|
0-0: Ball 1-0: SINGLE (Groundball, 6MD)
|
Batting: RHB Chandler Bailey
|
0-0: Reached on error, E4 (Groundball, 4M) Maxwell Ings to second
|
Pinch Hitting: RHB Ken Thompson
|
0-0: Called Strike 0-1: Foul Ball, location: 2F 0-2: Ball 1-2: SINGLE (Flyball, 7M) Maxwell Ings to third Chandler Bailey to second
|
Pinch Hitting: RHB Eric Murti
|
0-0: Called Strike 0-1: Swinging Strike 0-2: Ball 1-2: Ball 2-2: Ball 3-2: SINGLE (Flyball, 7S) Maxwell Ings scores Chandler Bailey to third Ken Thompson to second
|
Pinch Hitting: LHB Juan Jaramillo
|
0-0: Ball 1-0: DOUBLE (Flyball, 8RXD) Chandler Bailey scores Ken Thompson scores Eric Murti to third Runner from 3rd tries for Home, SAFE, throw made home
|
Pitching: RHP Alberto Salinas
|
|
Batting: RHB Wilber Moon
|
0-0: Called Strike 0-1: Fly out, F9 (Flyball, 9M)
|
Batting: SHB Eugene Parrish
|
0-0: Called Strike 0-1: Ball 1-1: SINGLE (Line Drive, 8LS) Juan Jaramillo to third
|
Batting: RHB Jayson Parsons
|
0-0: Ball 1-0: Swinging Strike 1-1: Ball 2-1: Foul Ball, location: 2F 2-2: Ball 3-2: Strikes out swinging
|
Batting: LHB Félix Pérez
|
0-0: Called Strike 0-1: Ball 1-1: Called Strike 1-2: Ball 2-2: Ball 3-2: Base on Balls Eugene Parrish to second
|
Batting: LHB Maxwell Ings
|
0-0: Ball 1-0: Fly out, F7 (Flyball, 7D)
|
Bottom of the 8th over - 4 run(s), 5 hit(s), 1 error(s), 3 left on base; Chicago 11 - Oakland 6 |
TOP OF THE 9TH |
Chicago Hawks batting - Pitching for Oakland Oaks : RHP Dexter Young
|
Pitching: RHP Ramiro Lara
|
|
Now at 1B: Ken Thompson
|
|
Now in LF: Maxwell Ings
|
|
Now in RF: Eric Murti
|
|
Batting: LHB Jorge Montoya
|
0-0: Ball 1-0: Ball 2-0: Called Strike 2-1: Foul Ball, location: 2F 2-2: Fly out, F4 (Popup, 34D)
|
Batting: RHB Javier Garza
|
0-0: Ball 1-0: Ground out 4-3 (Groundball, 4)
|
Pinch Hitting: SHB Daryl Moore
|
0-0: Ball 1-0: Ball 2-0: Foul Ball, location: 2F 2-1: Foul Ball, location: 2F 2-2: Ball 3-2: Foul Ball, location: 2F 3-2: Ground out 6-3 (Groundball, 6)
|
Top of the 9th over - 0 run(s), 0 hit(s), 0 error(s), 0 left on base; Chicago 11 - Oakland 6 |
BOTTOM OF THE 9TH |
Oakland Oaks batting - Pitching for Chicago Hawks : RHP Alberto Salinas
|
Pitching: RHP Clarence Lee
|
|
Batting: RHB Chandler Bailey
|
0-0: Ball 1-0: Swinging Strike 1-1: Ball 2-1: Ball 3-1: Foul Ball, location: 2F 3-2: Foul Ball, location: 2F 3-2: Foul Ball, location: 2F 3-2: Fly out, F3 (Popup, 13S)
|
Batting: RHB Ken Thompson
|
0-0: Ball 1-0: Ball 2-0: Foul Ball, location: 2F 2-1: Ball 3-1: Foul Ball, location: 2F 3-2: Strikes out swinging
|
Batting: RHB Eric Murti
|
0-0: Swinging Strike 0-1: SINGLE (Line Drive, 6M)
|
Batting: RHB Ramiro Lara
|
0-0: Called Strike 0-1: Ball 1-1: Ball 2-1: Ball 3-1: Swinging Strike 3-2: Foul Ball, location: 2F 3-2: Foul Ball, location: 2F 3-2: Base on Balls Eric Murti to second
|
Batting: RHB Wilber Moon
|
0-0: Ball 1-0: Ball 2-0: Called Strike 2-1: Ball 3-1: 3-RUN HOME RUN (Flyball, 7LD), Distance : 371 ft
|
Pitching: RHP Jim Dixon
|
|
Batting: SHB Eugene Parrish
|
0-0: Foul Ball, location: 2F 0-1: Foul Ball, location: 2F 0-2: Foul Ball, location: 2F 0-2: Ball 1-2: Foul Ball, location: 2F 1-2: Ball 2-2: Ball 3-2: Foul Ball, location: 2F 3-2: Foul Ball, location: 2F 3-2: Ground out U3 (Groundball, 3S)
|
Bottom of the 9th over - 3 run(s), 2 hit(s), 0 error(s), 0 left on base; Chicago 11 - Oakland 9 |
|